Bruins vs BlackHawks

Created - March 24 2011 at 17:59

Goals
1 2 3 T
Bruins 1 2 1 4
BlackHawks 0 2 1 3
Shots
1 2 3 T
Bruins 6 12 6 24
BlackHawks 12 7 11 30

Period #1

1. Bruins , Mark Recchi 8 (Patrice Bergeron, Zdeno Chara) at 9:05

Penalties :
Adam Foote (CHI) for Slashing (Minor) at 0:03, Toni Lydman (BOS) for Hooking (Minor) at 4:19, Kris Russell (CHI) for Roughing (Minor) at 6:51, David Booth (CHI) for High sticking (Minor) at 10:19, Zdeno Chara (BOS) for Tripping (Minor) at 14:19, Zdeno Chara (BOS) for Tripping (Minor) at 16:54

Period #2

2. Bruins , Zdeno Chara 18 (Patrice Bergeron, Mark Recchi) at 7:07
3. Bruins , Zdeno Chara 19 (Nathan Horton, Rich Peverley) at 7:41
4. BlackHawks , Cory Stillman 20 (Ales Hemsky, Mattias Ohlund) at 9:48
5. BlackHawks , Samuel Pahlsson 6 (Tobias Enstrom, Cory Stillman) at 19:37 (PP)

Penalties :
Dustin Brown (BOS) for Interference (Minor) at 7:48, Tyler Kennedy (CHI) for High sticking (Minor) at 10:03, Gregory Campbell (BOS) for Holding (Minor) at 18:23, Dan Hamhuis (BOS) for Hooking (Minor) at 19:54

Period #3

6. BlackHawks , Kris Russell 6 (Chris Neil, Paul Kariya) at 19:26 (PP)
7. Bruins , Rich Peverley 22 (Nathan Horton, Zdeno Chara) at 19:44

Penalties :
Zdeno Chara (BOS) for Slashing (Minor) at 2:20, Zdeno Chara (BOS) for Tripping (Minor) at 10:18, Milan Lucic (BOS) for Hooking (Minor) at 15:44, Dennis Seidenberg (BOS) for Roughing (Minor) at 17:45

Goalie Stats

Cam Ward (BOS), 27 saves from 30 shots - (0.900), W, 37-19-5, 60:00 minutes
Cristobal Huet (CHI), 20 saves from 24 shots - (0.833), L, 28-29-7, 59:42 minutes

Players Stats

Bruins
Player Name              G  A  P  +/- PIM S  H  SB FO    MP 
------------------------------------------------------------
Brad Marchand            0  0  0   0  0   1  0  0  0/0   8  
Chris Kelly              0  0  0   0  0   1  0  0  6/10  10 
Dan Hamhuis              0  0  0   2  2   2  4  1  0/0   23 
David Krejci             0  0  0   0  0   1  0  0  3/8   14 
Dennis Seidenberg        0  0  0   0  2   0  2  0  0/0   21 
Dustin Brown             0  0  0   0  2   1  1  0  0/2   17 
Gregory Campbell         0  0  0   0  2   1  2  0  0/0   14 
Henrik Zetterberg        0  0  0   2  0   1  0  0  12/15 12 
Jordan Leopold           0  0  0   0  0   0  0  0  0/0   18 
Mark Recchi              1  1  2   1  0   4  1  0  1/1   11 
Milan Lucic              0  0  0   1  2   0  1  0  0/0   11 
Nathan Horton            0  2  2   2  0   2  0  0  0/0   10 
Patrice Bergeron         0  2  2   1  0   3  0  0  21/32 18 
Rich Peverley            1  1  2   2  0   2  0  1  4/10  19 
Rick Nash                0  0  0   0  0   1  0  0  1/3   20 
Tom Gilbert              0  0  0   1  0   1  0  1  0/0   15 
Toni Lydman              0  0  0   0  2   0  1  1  0/0   17 
Zdeno Chara              2  2  4   3  8   3  2  2  0/0   23 
BlackHawks
Player Name              G  A  P  +/- PIM S  H  SB FO    MP 
------------------------------------------------------------
Adam Foote               0  0  0   0  2   3  0  1  0/0   21 
Ales Hemsky              0  1  1   0  0   0  0  0  1/6   18 
Artem Anisimov           0  0  0  -2  0   1  1  0  4/13  10 
Chris Neil               0  1  1  -2  0   3  2  0  0/1   18 
Cory Stillman            1  1  2  -1  0   3  2  0  0/2   19 
David Booth              0  0  0  -2  2   0  0  0  0/2   17 
Hal Gill                 0  0  0  -2  0   0  1  0  0/0   22 
Josh Bailey              0  0  0   0  0   3  0  0  0/0   7  
Kris Russell             1  0  1   0  2   2  2  0  0/0   13 
Mathieu Darche           0  0  0  -1  0   2  0  0  0/0   7  
Mattias Ohlund           0  1  1   0  0   2  0  1  0/0   23 
Patrik Berglund          0  0  0  -1  0   1  0  0  2/10  6  
Paul Kariya              0  1  1  -1  0   1  0  0  4/6   21 
Ron Hainsey              0  0  0  -3  0   1  1  0  0/0   22 
Samuel Pahlsson          1  0  1   0  0   3  2  0  11/24 21 
Tobias Enstrom           0  1  1   0  0   2  0  0  0/0   18 
Tyler Kennedy            0  0  0   0  2   0  1  1  0/0   12 
Wayne Primeau            0  0  0   0  0   3  1  0  11/17 16 

3 Stars

1 - Zdeno Chara (BOS)
2 - Rich Peverley (BOS)
3 - Mark Recchi (BOS)

Power Play

Bruins - 0 on 4 Attempt(s) - 0.00%
BlackHawks - 2 on 10 Attempt(s) - 20.00%

Penalty Kill

Bruins - 8 on 10 Attempt(s) - 80.00% - Score 0 goal in Penalty Kill
BlackHawks - 4 on 4 Attempt(s) - 100.00% - Score 0 goal in Penalty Kill

Game Notes

No Game Note

Finance

Level 1 -- Attendance: 6500 (100.00%) -- Ticket Income $552,500.00
Level 2 -- Attendance: 4090 (81.80%) -- Ticket Income $224,950.00
Level 3 -- Attendance: 3500 (100.00%) -- Ticket Income $105,000.00
Level 4 -- Attendance: 2747 (61.04%) -- Ticket Income $54,940.00
Luxury Box -- Attendance: 982 (98.20%) -- Ticket Income $171,850.00
Game was played at the United Center
Total Attendance: 17819 (86.92%)
Total Ticket Income: $1,114,812.00
Other Income: $198,915.60
Total Income: $1,313,728.00


Play by Play

Period #1

0:01 of 1st period - Henrik Zetterberg wins face-off versus Patrik Berglund in neutral zone.
0:03 of 1st period - Minor Penalty to Adam Foote for Slashing.
0:04 of 1st period - Paul Kariya wins face-off versus Henrik Zetterberg in BlackHawks zone.
2:13 of 1st period - Josh Bailey is hit by Zdeno Chara and loses puck.
2:20 of 1st period - Mathieu Darche is hit by Milan Lucic and loses puck.
2:35 of 1st period - Shot by Mark Recchi.
2:35 of 1st period - Stopped by Cristobal Huet without a rebound.
2:36 of 1st period - Chris Kelly wins face-off versus Artem Anisimov in BlackHawks zone.
2:59 of 1st period - Shot by Artem Anisimov.
2:59 of 1st period - Stopped by Cam Ward with a rebound.
3:03 of 1st period - Shot by Artem Anisimov.
3:03 of 1st period - Shot Misses the Net.
3:05 of 1st period - Shot by Artem Anisimov.
3:05 of 1st period - Shot Misses the Net.
3:19 of 1st period - Shot by Kris Russell.
3:19 of 1st period - Stopped by Cam Ward without a rebound.
3:20 of 1st period - Samuel Pahlsson wins face-off versus David Krejci in Bruins zone.
3:42 of 1st period - Tyler Kennedy is hit by Dennis Seidenberg.
3:52 of 1st period - Shot by Tobias Enstrom.
3:52 of 1st period - Shot Misses the Net.
4:12 of 1st period - Shot by Mattias Ohlund.
4:12 of 1st period - Shot Misses the Net.
4:14 of 1st period - Shot by Cory Stillman.
4:14 of 1st period - Shot Misses the Net.
4:16 of 1st period - Shot by Mattias Ohlund.
4:16 of 1st period - Shot Misses the Net.
4:18 of 1st period - Shot by Adam Foote.
4:18 of 1st period - Stopped by Cam Ward with a rebound.
4:19 of 1st period - Minor Penalty to Toni Lydman for Hooking.
4:20 of 1st period - Wayne Primeau wins face-off versus Patrice Bergeron in Bruins zone.
4:29 of 1st period - Shot by Wayne Primeau.
4:29 of 1st period - Stopped by Cam Ward without a rebound.
4:30 of 1st period - Patrice Bergeron wins face-off versus Samuel Pahlsson in Bruins zone.
6:02 of 1st period - Shot by Cory Stillman.
6:02 of 1st period - Stopped by Cam Ward with a rebound.
6:04 of 1st period - Shot by David Booth.
6:04 of 1st period - Shot Misses the Net.
6:06 of 1st period - Shot by Tobias Enstrom.
6:06 of 1st period - Stopped by Cam Ward with a rebound.
6:08 of 1st period - Shot by Tobias Enstrom.
6:08 of 1st period - Shot Misses the Net.
6:10 of 1st period - Shot by Adam Foote.
6:10 of 1st period - Shot Misses the Net.
6:39 of 1st period - Icing by Kris Russell.
6:40 of 1st period - Patrice Bergeron wins face-off versus Samuel Pahlsson in BlackHawks zone.
6:50 of 1st period - Tom Gilbert is hit by Kris Russell.
6:51 of 1st period - Minor Penalty to Kris Russell for Roughing.
6:52 of 1st period - Henrik Zetterberg wins face-off versus Cory Stillman in BlackHawks zone.
7:07 of 1st period - Shot by Nathan Horton.
7:07 of 1st period - Shot Hit the Post.
7:09 of 1st period - Shot by Dustin Brown.
7:09 of 1st period - Stopped by Cristobal Huet without a rebound.
7:10 of 1st period - Henrik Zetterberg wins face-off versus Ales Hemsky in BlackHawks zone.
8:09 of 1st period - Shot by Rick Nash.
8:09 of 1st period - Shot Misses the Net.
8:45 of 1st period - Dan Hamhuis is hit by Ron Hainsey and loses puck.
8:57 of 1st period - Off-side.
8:58 of 1st period - Artem Anisimov wins face-off versus Patrice Bergeron in neutral zone.
9:05 of 1st period - Shot by Mark Recchi.
9:05 of 1st period - Goal by Mark Recchi - Bruins : 1 - BlackHawks : 0.
9:06 of 1st period - Patrice Bergeron wins face-off versus Samuel Pahlsson in neutral zone.
9:08 of 1st period - Off-side.
9:09 of 1st period - Patrice Bergeron wins face-off versus Wayne Primeau in neutral zone.
9:21 of 1st period - Josh Bailey is hit by Mark Recchi and loses puck.
9:52 of 1st period - Off-side.
9:53 of 1st period - Samuel Pahlsson wins face-off versus Chris Kelly in neutral zone.
10:12 of 1st period - Shot by Samuel Pahlsson.
10:12 of 1st period - Stopped by Cam Ward without a rebound.
10:13 of 1st period - Artem Anisimov wins face-off versus Rick Nash in Bruins zone.
10:19 of 1st period - Minor Penalty to David Booth for High sticking.
10:20 of 1st period - Paul Kariya wins face-off versus Henrik Zetterberg in BlackHawks zone.
10:26 of 1st period - Icing by Zdeno Chara.
10:27 of 1st period - Paul Kariya wins face-off versus Henrik Zetterberg in Bruins zone.
10:32 of 1st period - Shot by Samuel Pahlsson.
10:32 of 1st period - Shot Misses the Net.
10:34 of 1st period - Shot by Samuel Pahlsson.
10:34 of 1st period - Deflect By Paul Kariya.
10:34 of 1st period - Stopped by Cam Ward without a rebound.
10:35 of 1st period - Ales Hemsky wins face-off versus Rick Nash in Bruins zone.
12:04 of 1st period - Off-side.
12:05 of 1st period - David Krejci wins face-off versus Ales Hemsky in neutral zone.
12:24 of 1st period - Shot by Tom Gilbert.
12:24 of 1st period - Stopped by Cristobal Huet without a rebound.
12:25 of 1st period - Patrice Bergeron wins face-off versus Samuel Pahlsson in BlackHawks zone.
12:29 of 1st period - Icing by Kris Russell.
12:30 of 1st period - Patrice Bergeron wins face-off versus Samuel Pahlsson in BlackHawks zone.
12:42 of 1st period - Shot by Tyler Kennedy.
12:42 of 1st period - Shot Misses the Net.
12:45 of 1st period - Paul Kariya is hit by Dennis Seidenberg and loses puck.
12:50 of 1st period - Shot by Paul Kariya.
12:50 of 1st period - Shot Misses the Net.
12:52 of 1st period - Shot by Samuel Pahlsson.
12:52 of 1st period - Stopped by Cam Ward without a rebound.
12:53 of 1st period - Chris Kelly wins face-off versus Artem Anisimov in Bruins zone.
13:22 of 1st period - Shot by Dan Hamhuis.
13:22 of 1st period - Stopped by Cristobal Huet without a rebound.
13:23 of 1st period - Wayne Primeau wins face-off versus David Krejci in BlackHawks zone.
13:56 of 1st period - Shot by Josh Bailey.
13:56 of 1st period - Deflect By Wayne Primeau.
13:56 of 1st period - Stopped by Cam Ward without a rebound.
13:57 of 1st period - Patrice Bergeron wins face-off versus Samuel Pahlsson in Bruins zone.
13:57 of 1st period - Patrice Bergeron is hit by Samuel Pahlsson.
14:19 of 1st period - Minor Penalty to Zdeno Chara for Tripping.
14:20 of 1st period - Wayne Primeau wins face-off versus Rich Peverley in Bruins zone.
14:41 of 1st period - Shot by Chris Neil.
14:41 of 1st period - Stopped by Cam Ward without a rebound.
14:42 of 1st period - Rich Peverley wins face-off versus Samuel Pahlsson in Bruins zone.
14:57 of 1st period - Toni Lydman is hit by Samuel Pahlsson and loses puck.
15:13 of 1st period - Shot by Mattias Ohlund.
15:13 of 1st period - Stopped by Cam Ward without a rebound.
15:14 of 1st period - Patrice Bergeron wins face-off versus Wayne Primeau in Bruins zone.
15:44 of 1st period - Shot by Ron Hainsey.
15:44 of 1st period - Shot Blocked by Tom Gilbert.
16:11 of 1st period - Off-side.
16:12 of 1st period - Rich Peverley wins face-off versus David Booth in neutral zone.
16:52 of 1st period - Tyler Kennedy is hit by Zdeno Chara and loses puck.
16:54 of 1st period - Minor Penalty to Zdeno Chara for Tripping.
16:55 of 1st period - Wayne Primeau wins face-off versus Rich Peverley in Bruins zone.
16:55 of 1st period - Wayne Primeau is hit by Dan Hamhuis.
17:23 of 1st period - Shot by Paul Kariya.
17:23 of 1st period - Shot Blocked by Dan Hamhuis.
18:09 of 1st period - Shot by Patrice Bergeron.
18:09 of 1st period - Stopped by Cristobal Huet with a rebound.
19:18 of 1st period - Zdeno Chara is hit by Kris Russell and loses puck.

Period #2

0:01 of 2nd period - Henrik Zetterberg wins face-off versus Patrik Berglund in neutral zone.
0:01 of 2nd period - Zdeno Chara is hit by Cory Stillman and loses puck.
1:07 of 2nd period - Shot by Hal Gill.
1:07 of 2nd period - Shot Misses the Net.
1:38 of 2nd period - David Krejci is hit by Hal Gill and loses puck.
2:14 of 2nd period - Icing by Hal Gill.
2:15 of 2nd period - Patrice Bergeron wins face-off versus Artem Anisimov in BlackHawks zone.
2:20 of 2nd period - Shot by Mark Recchi.
2:20 of 2nd period - Stopped by Cristobal Huet without a rebound.
2:21 of 2nd period - Samuel Pahlsson wins face-off versus Patrice Bergeron in BlackHawks zone.
2:39 of 2nd period - Shot by Mark Recchi.
2:39 of 2nd period - Stopped by Cristobal Huet with a rebound.
2:41 of 2nd period - Shot by Tom Gilbert.
2:41 of 2nd period - Shot Misses the Net.
3:33 of 2nd period - Off-side.
3:34 of 2nd period - Wayne Primeau wins face-off versus David Krejci in neutral zone.
4:40 of 2nd period - Icing by Zdeno Chara.
4:41 of 2nd period - Henrik Zetterberg wins face-off versus Samuel Pahlsson in Bruins zone.
4:52 of 2nd period - Shot by Henrik Zetterberg.
4:52 of 2nd period - Shot Misses the Net.
4:54 of 2nd period - Shot by Zdeno Chara.
4:54 of 2nd period - Shot Misses the Net.
4:56 of 2nd period - Shot by Zdeno Chara.
4:56 of 2nd period - Stopped by Cristobal Huet without a rebound.
4:57 of 2nd period - Artem Anisimov wins face-off versus Chris Kelly in BlackHawks zone.
5:30 of 2nd period - Off-side.
5:31 of 2nd period - Samuel Pahlsson wins face-off versus David Krejci in neutral zone.
6:29 of 2nd period - Shot by Patrik Berglund.
6:29 of 2nd period - Stopped by Cam Ward without a rebound.
6:30 of 2nd period - Mark Recchi wins face-off versus Artem Anisimov in Bruins zone.
6:32 of 2nd period - Icing by Zdeno Chara.
6:33 of 2nd period - Patrice Bergeron wins face-off versus Artem Anisimov in Bruins zone.
6:33 of 2nd period - Patrice Bergeron is hit by Chris Neil.
7:03 of 2nd period - Shot by Patrice Bergeron.
7:03 of 2nd period - Stopped by Cristobal Huet with a rebound.
7:07 of 2nd period - Shot by Zdeno Chara.
7:07 of 2nd period - Goal by Zdeno Chara - Bruins : 2 - BlackHawks : 0.
7:08 of 2nd period - Chris Kelly wins face-off versus Patrik Berglund in neutral zone.
7:21 of 2nd period - Shot by Brad Marchand.
7:21 of 2nd period - Stopped by Cristobal Huet without a rebound.
7:22 of 2nd period - Henrik Zetterberg wins face-off versus Samuel Pahlsson in BlackHawks zone.
7:25 of 2nd period - Shot by Nathan Horton.
7:25 of 2nd period - Stopped by Cristobal Huet with a rebound.
7:31 of 2nd period - Shot by Rich Peverley.
7:31 of 2nd period - Stopped by Cristobal Huet with a rebound.
7:33 of 2nd period - Shot by Nathan Horton.
7:33 of 2nd period - Stopped by Cristobal Huet with a rebound.
7:35 of 2nd period - Shot by Rich Peverley.
7:35 of 2nd period - Shot Misses the Net.
7:37 of 2nd period - Shot by Zdeno Chara.
7:37 of 2nd period - Shot Blocked by Tyler Kennedy.
7:39 of 2nd period - Shot by Nathan Horton.
7:39 of 2nd period - Shot Misses the Net.
7:41 of 2nd period - Shot by Zdeno Chara.
7:41 of 2nd period - Goal by Zdeno Chara - Bruins : 3 - BlackHawks : 0.
7:42 of 2nd period - David Krejci wins face-off versus Ales Hemsky in neutral zone.
7:47 of 2nd period - Shot by Toni Lydman.
7:47 of 2nd period - Shot Misses the Net.
7:48 of 2nd period - Minor Penalty to Dustin Brown for Interference.
7:49 of 2nd period - Patrice Bergeron wins face-off versus Wayne Primeau in Bruins zone.
7:59 of 2nd period - Icing by Paul Kariya.
8:00 of 2nd period - Paul Kariya wins face-off versus Patrice Bergeron in BlackHawks zone.
8:00 of 2nd period - Paul Kariya is hit by Gregory Campbell.
8:20 of 2nd period - Shot by Ron Hainsey.
8:20 of 2nd period - Stopped by Cam Ward without a rebound.
8:21 of 2nd period - Samuel Pahlsson wins face-off versus Rich Peverley in Bruins zone.
9:20 of 2nd period - Shot by Hal Gill.
9:20 of 2nd period - Shot Misses the Net.
9:22 of 2nd period - Shot by Wayne Primeau.
9:22 of 2nd period - Shot Misses the Net.
9:24 of 2nd period - Shot by Chris Neil.
9:24 of 2nd period - Stopped by Cam Ward without a rebound.
9:25 of 2nd period - Patrice Bergeron wins face-off versus Wayne Primeau in Bruins zone.
9:40 of 2nd period - Shot by Chris Neil.
9:40 of 2nd period - Stopped by Cam Ward without a rebound.
9:41 of 2nd period - Samuel Pahlsson wins face-off versus Patrice Bergeron in Bruins zone.
9:48 of 2nd period - Shot by Cory Stillman.
9:48 of 2nd period - Goal by Cory Stillman - Bruins : 3 - BlackHawks : 1.
9:49 of 2nd period - Patrice Bergeron wins face-off versus Samuel Pahlsson in neutral zone.
10:03 of 2nd period - Minor Penalty to Tyler Kennedy for High sticking.
10:04 of 2nd period - David Krejci wins face-off versus Ales Hemsky in BlackHawks zone.
11:44 of 2nd period - Icing by Henrik Zetterberg.
11:45 of 2nd period - Henrik Zetterberg wins face-off versus Paul Kariya in Bruins zone.
12:07 of 2nd period - Shot by Mark Recchi.
12:07 of 2nd period - Shot Misses the Net.
15:01 of 2nd period - Icing by Mark Recchi.
15:02 of 2nd period - Patrice Bergeron wins face-off versus Artem Anisimov in Bruins zone.
15:56 of 2nd period - Hal Gill is hit by Dan Hamhuis and loses puck.
16:00 of 2nd period - Icing by Gregory Campbell.
16:01 of 2nd period - Chris Kelly wins face-off versus Patrik Berglund in Bruins zone.
16:01 of 2nd period - Chris Kelly is hit by Cory Stillman.
16:06 of 2nd period - Off-side.
16:07 of 2nd period - Henrik Zetterberg wins face-off versus Patrik Berglund in neutral zone.
16:09 of 2nd period - Off-side.
16:10 of 2nd period - Henrik Zetterberg wins face-off versus Samuel Pahlsson in neutral zone.
16:17 of 2nd period - Shot by Rich Peverley.
16:17 of 2nd period - Deflect By Henrik Zetterberg.
16:17 of 2nd period - Stopped by Cristobal Huet without a rebound.
16:18 of 2nd period - Patrice Bergeron wins face-off versus Patrik Berglund in BlackHawks zone.
17:23 of 2nd period - Shot by Dustin Brown.
17:23 of 2nd period - Shot Misses the Net.
17:25 of 2nd period - Shot by Dustin Brown.
17:25 of 2nd period - Deflect By Rick Nash.
17:25 of 2nd period - Stopped by Cristobal Huet with a rebound.
17:27 of 2nd period - Shot by David Krejci.
17:27 of 2nd period - Deflect By Dustin Brown.
17:27 of 2nd period - Shot Misses the Net.
17:29 of 2nd period - Shot by Rick Nash.
17:29 of 2nd period - Shot Misses the Net.
17:52 of 2nd period - Icing by Dan Hamhuis.
17:53 of 2nd period - Samuel Pahlsson wins face-off versus Chris Kelly in Bruins zone.
18:23 of 2nd period - Minor Penalty to Gregory Campbell for Holding.
18:24 of 2nd period - Wayne Primeau wins face-off versus Patrice Bergeron in Bruins zone.
18:29 of 2nd period - Shot by Paul Kariya.
18:29 of 2nd period - Shot Blocked by Zdeno Chara.
18:46 of 2nd period - Icing by Hal Gill.
18:47 of 2nd period - Wayne Primeau wins face-off versus Patrice Bergeron in BlackHawks zone.
19:27 of 2nd period - Shot by Cory Stillman.
19:27 of 2nd period - Shot Misses the Net.
19:31 of 2nd period - Shot by Tobias Enstrom.
19:31 of 2nd period - Shot Misses the Net.
19:33 of 2nd period - Shot by Tobias Enstrom.
19:33 of 2nd period - Stopped by Cam Ward with a rebound.
19:35 of 2nd period - Shot by Tobias Enstrom.
19:35 of 2nd period - Shot Misses the Net.
19:37 of 2nd period - Shot by Samuel Pahlsson.
19:37 of 2nd period - Goal by Samuel Pahlsson - Bruins : 3 - BlackHawks : 2.
19:38 of 2nd period - Chris Kelly wins face-off versus Artem Anisimov in neutral zone.
19:50 of 2nd period - Artem Anisimov is hit by Dan Hamhuis and loses puck.
19:54 of 2nd period - Minor Penalty to Dan Hamhuis for Hooking.
19:55 of 2nd period - Samuel Pahlsson wins face-off versus Rich Peverley in Bruins zone.

Period #3

0:01 of 3rd period - Patrice Bergeron wins face-off versus Samuel Pahlsson in neutral zone.
0:09 of 3rd period - Off-side.
0:10 of 3rd period - Rich Peverley wins face-off versus Wayne Primeau in neutral zone.
0:48 of 3rd period - Icing by Paul Kariya.
0:49 of 3rd period - Wayne Primeau wins face-off versus Patrice Bergeron in BlackHawks zone.
1:32 of 3rd period - Shot by Mattias Ohlund.
1:32 of 3rd period - Shot Misses the Net.
1:34 of 3rd period - Shot by Adam Foote.
1:34 of 3rd period - Stopped by Cam Ward with a rebound.
1:36 of 3rd period - Shot by Samuel Pahlsson.
1:36 of 3rd period - Shot Blocked by Toni Lydman.
2:11 of 3rd period - Shot by Chris Kelly.
2:11 of 3rd period - Stopped by Cristobal Huet without a rebound.
2:12 of 3rd period - Patrice Bergeron wins face-off versus Artem Anisimov in BlackHawks zone.
2:20 of 3rd period - Minor Penalty to Zdeno Chara for Slashing.
2:21 of 3rd period - Patrice Bergeron wins face-off versus David Booth in Bruins zone.
3:08 of 3rd period - Shot by Wayne Primeau.
3:08 of 3rd period - Stopped by Cam Ward without a rebound.
3:09 of 3rd period - Patrice Bergeron wins face-off versus Chris Neil in Bruins zone.
4:03 of 3rd period - Icing by Samuel Pahlsson.
4:04 of 3rd period - Samuel Pahlsson wins face-off versus Patrice Bergeron in BlackHawks zone.
5:03 of 3rd period - Shot by David Krejci.
5:03 of 3rd period - Shot Misses the Net.
5:05 of 3rd period - Shot by David Krejci.
5:05 of 3rd period - Shot Misses the Net.
5:07 of 3rd period - Shot by Dennis Seidenberg.
5:07 of 3rd period - Deflect By David Krejci.
5:07 of 3rd period - Shot Misses the Net.
5:11 of 3rd period - Shot by Rick Nash.
5:11 of 3rd period - Shot Misses the Net.
5:13 of 3rd period - Shot by David Krejci.
5:13 of 3rd period - Shot Misses the Net.
5:55 of 3rd period - Shot by Wayne Primeau.
5:55 of 3rd period - Deflect By Josh Bailey.
5:55 of 3rd period - Stopped by Cam Ward with a rebound.
5:57 of 3rd period - Shot by Mathieu Darche.
5:57 of 3rd period - Stopped by Cam Ward without a rebound.
5:58 of 3rd period - Patrik Berglund wins face-off versus Chris Kelly in Bruins zone.
6:15 of 3rd period - Shot by Gregory Campbell.
6:15 of 3rd period - Stopped by Cristobal Huet with a rebound.
6:17 of 3rd period - Shot by Brad Marchand.
6:17 of 3rd period - Shot Misses the Net.
6:25 of 3rd period - Shot by Gregory Campbell.
6:25 of 3rd period - Shot Misses the Net.
6:27 of 3rd period - Shot by Gregory Campbell.
6:27 of 3rd period - Shot Blocked by Mattias Ohlund.
6:29 of 3rd period - Shot by Chris Kelly.
6:29 of 3rd period - Shot Blocked by Adam Foote.
6:31 of 3rd period - Shot by Gregory Campbell.
6:31 of 3rd period - Shot Misses the Net.
7:01 of 3rd period - Shot by Patrice Bergeron.
7:01 of 3rd period - Stopped by Cristobal Huet without a rebound.
7:02 of 3rd period - Artem Anisimov wins face-off versus David Krejci in BlackHawks zone.
7:02 of 3rd period - Artem Anisimov is hit by Dustin Brown.
8:54 of 3rd period - Icing by Patrice Bergeron.
8:55 of 3rd period - Patrice Bergeron wins face-off versus Samuel Pahlsson in Bruins zone.
8:55 of 3rd period - Patrice Bergeron is hit by Tyler Kennedy.
9:41 of 3rd period - Shot by David Krejci.
9:41 of 3rd period - Stopped by Cristobal Huet without a rebound.
9:42 of 3rd period - Henrik Zetterberg wins face-off versus Ales Hemsky in BlackHawks zone.
10:18 of 3rd period - Minor Penalty to Zdeno Chara for Tripping.
10:19 of 3rd period - Wayne Primeau wins face-off versus Dustin Brown in Bruins zone.
10:20 of 3rd period - Shot by Ron Hainsey.
10:20 of 3rd period - Shot Misses the Net.
10:52 of 3rd period - Icing by Paul Kariya.
10:53 of 3rd period - Rick Nash wins face-off versus Paul Kariya in BlackHawks zone.
11:21 of 3rd period - Shot by Cory Stillman.
11:21 of 3rd period - Stopped by Cam Ward without a rebound.
11:22 of 3rd period - Samuel Pahlsson wins face-off versus Patrice Bergeron in Bruins zone.
12:00 of 3rd period - Rick Nash is hit by Wayne Primeau.
12:48 of 3rd period - Zdeno Chara is hit by Artem Anisimov and loses puck.
12:52 of 3rd period - Icing by Zdeno Chara.
12:53 of 3rd period - Wayne Primeau wins face-off versus Dustin Brown in Bruins zone.
12:56 of 3rd period - Shot by Josh Bailey.
12:56 of 3rd period - Stopped by Cam Ward without a rebound.
12:57 of 3rd period - Chris Kelly wins face-off versus Artem Anisimov in Bruins zone.
13:25 of 3rd period - Shot by David Booth.
13:25 of 3rd period - Shot Misses the Net.
13:36 of 3rd period - Ales Hemsky is hit by Dan Hamhuis and loses puck.
14:13 of 3rd period - Kris Russell is hit by Gregory Campbell and loses puck.
15:12 of 3rd period - Kris Russell is hit by Toni Lydman and loses puck.
15:35 of 3rd period - Zdeno Chara is hit by Chris Neil and loses puck.
15:44 of 3rd period - Minor Penalty to Milan Lucic for Hooking.
15:45 of 3rd period - Patrice Bergeron wins face-off versus Cory Stillman in Bruins zone.
17:16 of 3rd period - Shot by Josh Bailey.
17:16 of 3rd period - Stopped by Cam Ward with a rebound.
17:18 of 3rd period - Shot by Adam Foote.
17:18 of 3rd period - Stopped by Cam Ward without a rebound.
17:19 of 3rd period - Wayne Primeau wins face-off versus Rich Peverley in Bruins zone.
17:28 of 3rd period - Shot by Chris Neil.
17:28 of 3rd period - Deflect By Wayne Primeau.
17:28 of 3rd period - Shot Misses the Net.
17:30 of 3rd period - Shot by Ron Hainsey.
17:30 of 3rd period - Deflect By Chris Neil.
17:30 of 3rd period - Shot Misses the Net.
17:32 of 3rd period - Shot by David Booth.
17:32 of 3rd period - Shot Blocked by Rich Peverley.
17:45 of 3rd period - Minor Penalty to Dennis Seidenberg for Roughing.
17:46 of 3rd period - Samuel Pahlsson wins face-off versus Patrice Bergeron in Bruins zone.
17:53 of 3rd period - Shot by Ales Hemsky.
17:53 of 3rd period - Shot Blocked by Zdeno Chara.
18:05 of 3rd period - Shot by Mattias Ohlund.
18:05 of 3rd period - Stopped by Cam Ward without a rebound.
18:06 of 3rd period - Rich Peverley wins face-off versus Wayne Primeau in Bruins zone.
19:08 of 3rd period - BlackHawks, Cristobal Huet is pulled from the net.
19:26 of 3rd period - Shot by Kris Russell.
19:26 of 3rd period - Goal by Kris Russell - Bruins : 3 - BlackHawks : 3.
19:26 of 3rd period - Cristobal Huet from BlackHawks was sent back in the game.
19:27 of 3rd period - Patrik Berglund wins face-off versus Rich Peverley in neutral zone.
19:32 of 3rd period - Shot by Paul Kariya.
19:32 of 3rd period - Shot Misses the Net.
19:36 of 3rd period - Shot by Mathieu Darche.
19:36 of 3rd period - Stopped by Cam Ward without a rebound.
19:37 of 3rd period - Henrik Zetterberg wins face-off versus Patrik Berglund in Bruins zone.
19:44 of 3rd period - Shot by Rich Peverley.
19:44 of 3rd period - Goal by Rich Peverley - Bruins : 4 - BlackHawks : 3.
19:45 of 3rd period - Henrik Zetterberg wins face-off versus Patrik Berglund in neutral zone.
19:48 of 3rd period - Shot by Dan Hamhuis.
19:48 of 3rd period - Stopped by Cristobal Huet with a rebound.
19:50 of 3rd period - Shot by Rich Peverley.
19:50 of 3rd period - Shot Misses the Net.


Output by the SimonT Hockey Simulator (STHS) for Stephane Roy -- Original Page W3C XHTML 1.0 Valid